Map: Submarine LE

Players

Saga - Winner!

  • Race: Protoss Protoss
  • League: Gold
  • Spawn Location: 5:00

ScRemaster

  • Race: Protoss Protoss
  • League: Silver
  • Spawn Location: 11:00

VOD

Have the link to the VOD?

Description

Cannon Rush Defense 2

Time

  • Played on: July 4, 2020, 8:27 p.m.
  • Length: 7:33
Show
View Real Time Build Order
Export as new Build Order

Saga Protoss - Winner!

Build Orders:  

Get SALT Encoding   

  12  0:00  Probe  
  13  0:13  Probe  
  14  0:19  Pylon  
  14  0:27  Probe  
  15  0:39  Probe  
  16  0:44  Gateway  
  16  0:49  Probe  
  16  0:53  Assimilator  
  17  0:57  Probe  
  17  1:03  Assimilator  
  18  1:12  Forge  
  18  1:34  Cybernetics Core  
  18  1:40  Pylon  
  18  1:47  Photon Cannon  
  18  1:49  Photon Cannon  
  18  2:01  Photon Cannon  
  18  2:07  Pylon  
  18  2:10  Probe  
  19  2:37  Pylon  
  19  2:44  Probe  
  20  2:52  Photon Cannon, Probe  
  21  3:00  Warp Gate, Probe  
  22  3:21  Pylon  
  22  3:28  Pylon  
  22  3:44  Robotics Facility  
  22  3:50  Gateway  
  22  3:52  Gateway, Stalker  
  22  3:53  Gateway  
  24  4:25  Immortal  
  28  4:50  Stalker x3  
  34  5:04  Warp Prism  
  36  5:18  Stalker x2  
  39  5:45  Stalker x3  
  37  6:17  Stalker x4  
  39  6:43  Stalker x3  
  35  7:22  Stalker  
  35  7:23  Stalker x2  
Show
View Real Time Build Order
Export as new Build Order

ScRemaster Protoss 

Build Orders: Cannon Rush 

Get SALT Encoding   

  12  0:05  Probe  
  13  0:17  Probe  
  14  0:23  Pylon  
  14  0:29  Probe  
  15  0:41  Probe  
  16  0:47  Forge  
  16  0:51  Probe  
  17  0:58  Pylon  
  17  1:04  Probe  
  18  1:25  Photon Cannon  
  18  1:26  Photon Cannon  
  18  1:38  Photon Cannon  
  19  1:40  Probe  
  19  1:52  Photon Cannon  
  19  2:12  Pylon  
  19  2:17  Pylon  
  17  2:25  Probe  
  18  2:37  Probe  
  18  2:38  Nexus  
  18  2:42  Pylon  
  19  2:50  Probe  
  20  2:53  Gateway  
  20  2:54  Assimilator  
  20  3:01  Assimilator  
  20  3:02  Probe  
  21  3:16  Probe  
  21  3:25  Probe  
  23  3:35  Probe  
  24  3:41  Cybernetics Core  
  24  3:46  Gateway  
  24  3:47  Probe  
  24  3:48  Probe  
  25  3:49  Gateway  
  26  3:58  Probe  
  26  4:02  Probe  
  27  4:03  Pylon  
  27  4:06  Probe  
  28  4:10  Probe  
  28  4:14  Probe  
  28  4:16  Protoss Ground Weapons Level 1  
  30  4:18  Probe  
  32  4:25  Warp Gate  
  32  4:26  Probe  
  32  4:30  Probe  
  34  4:35  Stalker  
  36  4:39  Stalker  
  36  4:42  Probe  
  36  4:44  Probe  
  40  4:55  Shield Battery, Probe  
  40  4:56  Probe  
  40  4:57  Adept  
  44  5:04  Gateway  
  44  5:07  Shield Battery  
  44  5:08  Probe  
  44  5:10  Stalker  
  44  5:13  Stalker  
  49  5:16  Probe  
  50  5:34  Stalker  
  52  5:40  Stalker  
  54  5:45  Shield Battery  
  54  5:47  Stalker  
  51  5:55  Stalker  
  44  6:04  Stalker  
  44  6:09  Stalker  
  38  6:17  Stalker  
  40  6:25  Stalker  
  38  6:31  Pylon  
  38  6:34  Stalker  
  31  6:55  Stalker  
  31  6:59  Stalker  
  16  7:13  Probe  
  15  7:22  Stalker  
Tags
 
Matchup
PvP
Spawn Locations
Cross Positions
Add a new tag
Caveats
  • Supply blocks, unpowered buildings, or Contaminate may cause inaccurate times.
  • Supply counts are checked every 10 seconds.